 Dungeon Crawl Stone Soup version 0.24.0-10-g970556be89 (webtiles) character file.

Game seed: 6115588694723971287, levelgen mode: deterministic

95 Aviak the Firebug (level 4, -2/30 HPs)
             Began as a Demonspawn Fire Elementalist on Nov 3, 2019.
             Slain by a gnoll (9 damage)
             ... on level 2 of the Dungeon.
             The game lasted 00:03:36 (1613 turns).

Aviak the Firebug (Demonspawn Fire Elementalist)    Turns: 1613, Time: 00:03:37

Health: -2/30      AC:  2    Str:  8    XL:     4   Next: 39%
Magic:  0/8        EV: 13    Int: 18    God:
Gold:   78         SH:  0    Dex: 13    Spells: 2/8 levels left

rFire    . . .     SeeInvis .   p - +0 spear
rCold    . . .     Gourm    .   (no shield)
rNeg     . . .     Faith    .   a - +0 robe
rPois    .         Spirit   .   (helmet restricted)
rElec    .         Reflect  .   (no cloak)
rCorr    .         Harm     .   (no gloves)
MR       .....                  (no boots)
Stlth    ++........             (no amulet)
HPRegen  0.10/turn              (no ring)
MPRegen  0.11/turn              (no ring)

@: no status effects
A: hooves 1, horns 1
a: no special abilities


You were on level 2 of the Dungeon.
You were hungry.

You visited 1 branch of the dungeon, and saw 2 of its levels.

You collected 78 gold pieces.

Inventory:

Hand Weapons
 p - a +0 spear (weapon)
Armour
 a - a +0 robe (worn)
Jewellery
 h - a +4 ring of intelligence {unknown}
 j - a +3 ring of intelligence {unknown}
Scrolls
 e - 3 scrolls of remove curse {unknown}
 f - 2 scrolls of identify {unknown}
 g - 2 scrolls of immolation {unknown}
 i - a scroll of blinking {unknown}
 l - a scroll of enchant armour {unknown}
 o - a scroll of teleportation {unknown}
 r - a scroll of fog {unknown}
Potions
 b - a potion of resistance
 k - 2 potions of flight
 m - a potion of heal wounds {unknown}
 n - a potion of berserk rage {unknown}
 q - a potion of invisibility {unknown}
Comestibles
 d - 4 rations
 s - 2 chunks of flesh


   Skills:
 + Level 2.5 Dodging
 - Level 1.7 Stealth
 + Level 2.7 Spellcasting
 + Level 2.2 Conjurations
 + Level 3.3 Fire Magic


You had 2 spell levels left.
You knew the following spells:

 Your Spells              Type           Power        Failure   Level  Hunger
a - Flame Tongue          Conj/Fire      ##...        5%          1    #......
b - Throw Flame           Conj/Fire      ##....       9%          2    ##.....
d - Conjure Flame         Conj/Fire      ##......     16%         3    ###....

Your spell library contained the following spells:

 Spells                   Type           Power        Failure   Level  Hunger
 Inner Flame              Hex/Fire       #.......     26%         3    ###....
 Sticky Flame             Conj/Fire      ##......     47%         4    #####..
 Fireball                 Conj/Fire      ##........   83%         5    ######.


Dungeon Overview and Level Annotations

Branches:
Dungeon (2/15)

Altars:


Innate Abilities, Weirdness & Mutations

You have large cloven feet.
You have a pair of small horns on your head.


Message History

Press: ? - help, Shift-Dir - straight line, f - gnoll
Aim: a gnoll (moderately wounded)
The flame tongue hits the gnoll!
The gnoll is almost dead.
Casting: Flame Tongue (safe; 5% risk of failure)
Confirm with . or Enter, or press ? or * to list all spells.
Aiming: Flame Tongue (safe; 5% risk of failure)
Press: ? - help, Shift-Dir - straight line, f/p - gnoll
Aim: a gnoll (almost dead)
The flame tongue misses the gnoll.
The gnoll closely misses you.
Casting: Flame Tongue (safe; 5% risk of failure)
Confirm with . or Enter, or press ? or * to list all spells.
Aiming: Flame Tongue (safe; 5% risk of failure)
Press: ? - help, Shift-Dir - straight line, f/p - gnoll
Aim: a gnoll (almost dead)
The flame tongue misses the gnoll.
The gnoll closely misses you.
You closely miss the gnoll. Your kick misses the gnoll.
The gnoll is almost dead.
The gnoll hits you!
You die...

#.#######....#
#....>.÷.....
#.........##.#
#####'#.##.##
#############.#
#.#......
#<.........##.#
#####.†)###
##########.##.#
#...#...... #.##.#
#..##......
##'##'######..........
#..........#.#########
#)...@g....#........#.
#..........###..###.#.
#..........###'##...#.
######.......(..#.####
#.......÷..#.....
#.......(..#.####
#..........#...#.
#..........###.#.
#..............#.


You could see a gnoll.

Vanquished Creatures
  5 adders (D:2)
  A gnoll (D:2)
  A worm (D:2)
  A dart slug (D:2)
  A leopard gecko (D:2)
  3 bats (D:2)
  3 giant cockroaches
  4 goblins
  6 hobgoblins
  A quokka (D:2)
  4 frilled lizards (D:2)
  4 kobolds (D:2)
  A rat (D:2)
35 creatures vanquished.

Notes
Turn   | Place    | Note
-------+----------+-------------------------------------------
     0 | D:1      | Aviak the Demonspawn Fire Elementalist began the quest for
                  | the Orb.
     0 | D:1      | Reached XP level 1. HP: 13/13 MP: 3/3
   483 | D:1      | Gained mutation: You have large cloven feet. [demonic
                  | ancestry]
   483 | D:1      | Reached XP level 2. HP: 19/19 MP: 1/5
   903 | D:2      | Reached skill level 3 in Fire Magic
   906 | D:2      | Gained mutation: You have a pair of small horns on your
                  | head. [demonic ancestry]
   906 | D:2      | Reached XP level 3. HP: 16/24 MP: 1/6
   956 | D:2      | Learned a level 2 spell: Throw Flame
   960 | D:2      | Learned a level 3 spell: Conjure Flame
  1410 | D:2      | Reached XP level 4. HP: 24/30 MP: 5/7
  1613 | D:2      | Slain by a gnoll

Levels and vault maps discovered:
D:1:      mrwooster_arrival_statue, layout_basic
D:2:      layout_basic, minmay_misc_feat_ornament

Skill      XL: |  1  2  3 |
---------------+----------+-----
Dodging        | 2 |  2.5
Fire Magic     | 3 |  3.3
Conjurations   | 2 |  2.2
Stealth        | |  1.7
Spellcasting   | |  2.7

Action                   |  1- 3 |  4- 6 || total
-------------------------+-------+-------++-------
Melee: Unarmed           |    14 |       ||    14
       Spear             |    47 |    16 ||    63
       Kick              |     6 |       ||     6
       Headbutt          |     6 |       ||     6
 Cast: Flame Tongue      |    28 |    17 ||    45
       Conjure Flame     |       |     1 ||     1
  Use: Potion            |     2 |     2 ||     4
 Stab: Sleeping          |     4 |     1 ||     5
  Eat: Chunk             |     2 |       ||     2
Armor: Robe              |     6 |     4 ||    10
Dodge: Dodged            |    47 |    15 ||    62
